 Dungeon Crawl Stone Soup version 0.29.1-4-g47bece8355 (webtiles) character file.

Game seed: 5257571987664786593

44599 iamoutofideas the Executioner (level 14, -5/130 HPs)
             Began as a Hill Orc Gladiator on Dec 8, 2022.
             Was a High Priest of Makhleb.
             Slain by a minotaur
             ... wielding a +1 triple sword of flaming
              (19 damage)
             ... in a Gauntlet.
             The game lasted 00:27:14 (18715 turns).

iamoutofideas the Executioner (Hill Orc Gladiator) Turns: 18715, Time: 00:27:15

Health: -5/130     AC: 26    Str: 22    XL:     14   Next: 29%
Magic:  14/14      EV:  9    Int:  8    God:    Makhleb [*****.]
Gold:   280        SH:  5    Dex: 12    Spells: 11/13 levels left

rFire   . . .      SeeInvis .   g - +4 battleaxe (vamp)
rCold   + + +      Faith    .   (shield currently unavailable)
rNeg    . . .      Spirit   .   S - +2 plate armour {rC+}
rPois   +          Reflect  +   c - +0 helmet
rElec   .          Harm     .   L - +1 cloak of the Equator {+Blink rCorr}
rCorr   +          Rampage  .   D - +0 pair of gloves
Will    +....      NoTele   +   t - +2 pair of boots of Caffuhap {Fly rC+}
Stlth   ..........              f - amulet of reflection
HPRegen 0.31/turn               z - ring of the Fortifying Saviour {rC+ Slay+6}
MPRegen 0.14/turn               C - ring of poison resistance

@: flying
A: no striking features
a: Renounce Religion, Evoke Blink, Minor Destruction, Lesser Servant of Makhleb,
Major Destruction, Greater Servant of Makhleb


You were in a Gauntlet.
You worshipped Makhleb.
Makhleb was extremely pleased with you.
You visited 2 branches of the dungeon, and saw 13 of its levels.
You also visited: Bailey, Gauntlet and Ice Cave.

You collected 1254 gold pieces.
You spent 974 gold pieces at shops.

Inventory:

Hand Weapons
 a - a +0 vorpal war axe
 g - a +4 vampiric battleaxe (weapon)
 Z - a +3 trident of flaming
Missiles
 d - 3 throwing nets (quivered)
 l - 4 datura-tipped darts
 n - 2 atropa-tipped darts
Armour
 c - a +0 helmet (worn)
 t - the +2 pair of boots of Caffuhap (worn) {Fly rC+}
   (You found it on level 2 of the Dungeon)

   rC:        It protects you from cold.
   Fly:       It grants you flight.
 D - a +0 pair of gloves (worn)
 L - the +1 cloak of the Equator (worn) {+Blink rCorr}
   (You found it on level 7 of the Dungeon)

   +Blink:    It lets you blink.
   rCorr:     It protects you from acid and corrosion.
 S - a +2 plate armour of cold resistance (worn)
 U - a +2 kite shield
Jewellery
 f - an amulet of reflection (around neck)
 v - a ring of protection from fire
 z - the ring of the Fortifying Saviour (left hand) {rC+ Slay+6}
   (You found it in a Gauntlet)

   [ring of protection from cold]

   Slay:      It affects your accuracy & damage with ranged weapons and melee
   (+6).
   rC:        It protects you from cold.
 C - a ring of poison resistance (right hand)
 E - the amulet of Penumest {Faith rC++ Int+4}
   (You found it in a Gauntlet)

   [amulet of faith]

   It allows you to gain divine favour quickly.
   Int:       It affects your intelligence (+4).
   rC:        It greatly protects you from cold.
 P - a ring of protection from cold
Wands
 h - a wand of paralysis (14)
 J - a wand of quicksilver (5)
 R - a wand of roots (17)
Scrolls
 b - 6 scrolls of enchant armour
 e - a scroll of vulnerability {unknown}
 j - 2 scrolls of immolation
 k - a scroll of brand weapon
 q - 6 scrolls of teleportation
 r - 2 scrolls of identify
 w - 4 scrolls of amnesia
 y - 2 scrolls of fear
 K - 3 scrolls of blinking
 N - a scroll of poison {unknown}
 V - a scroll of silence {unknown}
Potions
 m - 3 potions of mutation
 o - 3 potions of ambrosia
 p - a potion of might
 s - 2 potions of resistance {unknown}
 u - 7 potions of flight
 x - a potion of magic
 A - 2 potions of berserk rage
 B - 2 potions of invisibility
 H - a potion of haste
 M - 3 potions of attraction
 T - 3 potions of brilliance
 X - 2 potions of heal wounds
 Y - a potion of curing
Miscellaneous
 i - a lightning rod (4/4)
 I - a piece from Xom's chessboard (15/15)
 Q - a condenser vane
 W - a phantom mirror


   Skills:
 + Level 13.7 Fighting
 + Level 21.1 Axes
 - Level 1.7 Throwing
 + Level 11.6 Armour
 + Level 5.7 Dodging
 + Level 2.9 Shields
 + Level 5.0 Evocations


You had 11 spell levels left.
You knew the following spells:

 Your Spells              Type           Power      Damage    Failure   Level
a - Blink                 Tloc           0%         N/A       100%        2

Your spell library contained the following spells:

 Spells                   Type           Power      Damage    Failure   Level
 Ensorcelled Hibernation  Hex/Ice        0%         N/A       100%        2
 Poisonous Vapours        Pois/Air       0%         N/A       100%        2
 Ignite Poison            Fire/Tmut/Pois 0%         N/A       100%        3
 Mephitic Cloud           Conj/Pois/Air  0%         N/A       100%        3
 Spider Form              Tmut/Pois      0%         N/A       100%        3
 Anguish                  Hex/Necr       0%         N/A       100%        4
 Corpse Rot               Necr/Pois/Air  0%         N/A       100%        4
 Fireball                 Conj/Fire      0%         3d3       100%        5
 Freezing Cloud           Conj/Ice/Air   0%         6-21      100%        5
 Iskenderun's Battlesphe  Conj           0%         2d6       100%        5
 Conjure Ball Lightning   Conj/Air       0%         3x3d6     100%        6
 Orb of Destruction       Conj           0%         9d5       100%        7


Dungeon Overview and Level Annotations

Branches:
Dungeon (12/15)            Temple (0/1) D:5            Lair (1/5) D:9
    Orc (0/2) D:12         Bailey (visited)           IceCv (visited)
Gauntlet (1/1)

Altars:
Ashenzari
Elyvilon
Fedhas
Hepliaklqana
Makhleb
Qazlal
Ru
Sif Muna
Trog
Vehumet
Wu Jian
Xom
Yredelemnul
Zin
The Shining One
Beogh

Shops:
D:4 ***   D:5 *   D:11 *

Portals:
Trove: D:12 (give +6 demon trident)

Annotations:
D:8 2 transporters, Ascent's ghost, novice MfCK
D:10 3 runed translucent doors, FexLirch's ghost, journeyman MeTm Gauntlet 8 transporters, exclusion: orange crystal statue


Message History

You feel sick.
You feel sick.
You are no longer poisoned.
Things that are here:
an ugly thing corpse; an ugly thing corpse
There is a transporter landing site here.
u - 7 potions of flight (gained 1)
E - the amulet of Penumest {Faith rC++ Int+4} You start waiting.
Done waiting.
There is a transporter here.
You enter the transporter and appear at another place.
A minotaur comes into view.
It is wielding a +1 triple sword of flaming, wearing a +2 plate armour of willpower and quivering silver javelins.
The minotaur bellows!
A minotaur is nearby!
You slash the minotaur!
The minotaur is lightly wounded.
You cut the minotaur into ribbons!!!
The minotaur is severely wounded.
The minotaur hits you with a +1 triple sword of flaming!!
The minotaur burns you! You block the minotaur's attack.
You hit the minotaur.
You feel better.
The minotaur is severely wounded.
The minotaur closely misses you. The minotaur gores you!
You hit the minotaur but do no damage.
The minotaur is severely wounded.
You barely miss the minotaur.
The minotaur furiously retaliates!
The minotaur headbutts you, but does no damage.
The minotaur is severely wounded.
You block the minotaur's attack. The minotaur gores you.
You hit the minotaur but do no damage.
The minotaur is severely wounded.
The minotaur hits you with a +1 triple sword of flaming!!
The minotaur burns you. The minotaur gores you.
You hit the minotaur but do no damage.
The minotaur is severely wounded.
The minotaur hits you with a +1 triple sword of flaming!!!
* * * LOW HITPOINT WARNING * * *
The minotaur burns you!!
You die...

..####.#.#..##≈........
####....#.#...##...#####
#....####.#....#...#..#.
#.#####.#.#.©8.#...##.##
#.# #.#.#....#...###..
#.# ..#...©8.#.8.#©.#©
#.# #.#.#....#...##.##
#.#####H#.#.©8.#...###..
#....##@#.#....#...#.)#.
####....#.#...##...#####
########..##≈........
#.####.8.....8
#####.........
#§...###### ##...#.h...
#≈...#.##.# ##§..#..#..


You could see a minotaur.

Vanquished Creatures
  Frances (D:12)
  A vault guard (D:12)
  Fannar (D:10)
  A hydra (D:10)
  2 ironbound frosthearts (IceCv)
  4 centaur warriors (D:10)
  A two-headed ogre (D:8)
  2 death yaks (IceCv)
  Sonja (D:10)
  Nergalle (D:12)
  2 glowing orange brains (Gauntlet)
  A deep elf pyromancer (D:10)
  A wolf spider (Gauntlet)
  5 ugly things
  2 cyclopes
  A moth of wrath (Gauntlet)
  An ice statue (IceCv)
  Joseph (D:7)
  A black mamba (Lair:1)
  An unseen horror (D:12)
  A cane toad (Lair:1)
  A rime drake (IceCv)
  A freezing wraith (D:12)
  A kobold demonologist (D:9)
  Psyche (D:10)
  13 polar bears (IceCv)
  3 hornets
  4 trolls
  2 shadows
  31 yaks
  2 wyverns (D:9)
  Eustachio (D:5)
  2 basilisks (D:9)
  A steam dragon (D:7)
  A wraith (D:11)
  4 redbacks (Gauntlet)
  Menkaure (D:6)
  A warg (D:12)
  An acid dragon (D:10)
  3 water moccasins (D:9)
  3 black bears
  18 orc warriors
  2 ice beasts (D:5)
  15 wolves
  4 centaurs
  Blork the orc (D:4)
  3 gnoll sergeants
  3 scorpions
  3 two-headed ogre simulacra (D:11)
  18 wights
  22 killer bees
  8 howler monkeys
  4 electric eels (D:9)
  4 hounds (D:5)
  Crazy Yiuf (D:5)
  6 orc priests
  A jelly (D:5)
  2 iguanas
  Natasha (thrice) (D:2)
  11 orc wizards
  2 troll simulacra (D:11)
  8 gnolls
  13 adders
  A shadow imp (D:6)
  A white imp (D:7)
  3 worms
  A dart slug (D:4)
  48 orcs
  7 bats
  10 endoplasms
  5 giant cockroaches
  9 goblins
  8 hobgoblins
  11 jackals
  23 kobolds
  6 quokkas
  11 ball pythons
  4 frilled lizards
  6 rats
415 creatures vanquished.

Vanquished Creatures (others)
  8 fungi
  35 plants
43 creatures vanquished.

Grand Total: 458 creatures vanquished

Notes
Turn   | Place    | Note
-------+----------+-------------------------------------------
     0 | D:1      | iamoutofideas the Hill Orc Gladiator began the quest for
                  | the Orb.
     0 | D:1      | Reached XP level 1. HP: 18/18 MP: 1/1
   102 | D:1      | Reached XP level 2. HP: 25/25 MP: 2/2
   122 | D:1      | Found a roughly hewn altar of Beogh.
   135 | D:1      | Reached skill level 5 in Axes
   152 | D:1      | Found a faded altar of an unknown god.
   512 | D:1      | Reached XP level 3. HP: 30/30 MP: 3/3
   880 | D:2      | Reached skill level 6 in Axes
  1060 | D:2      | Identified the +2 pair of boots of Caffuhap {Fly rC+}
  1071 | D:2      | Noticed Natasha
  1078 | D:2      | Killed Natasha
  1079 | D:2      | Reached XP level 4. HP: 34/37 MP: 4/4
  1413 | D:2      | Reached skill level 7 in Axes
  1554 | D:2      | Noticed Natasha
  1561 | D:2      | Killed Natasha
  1562 | D:2      | Reached XP level 5. HP: 35/42 MP: 5/5
  2006 | D:2      | Noticed Natasha
  2020 | D:2      | Killed Natasha
  2284 | D:3      | Reached skill level 8 in Axes
  2693 | D:3      | Reached XP level 6. HP: 49/50 MP: 6/6
  3063 | D:4      | Reached skill level 9 in Axes
  3244 | D:4      | Found Osemysa's General Store.
  3325 | D:4      | Found Mameown's General Store.
  3333 | D:4      | Bought a scroll of identify for 28 gold pieces
  3333 | D:4      | Bought a scroll of identify for 28 gold pieces
  3379 | D:4      | Identified the +6 quarterstaff of the Warrior-Mage {freeze,
                  | rC++ rCorr Str-5 SInv}
  3431 | D:4      | Identified the ring of Eddaocea {Int-4 Dex+9 Slay-5 SInv
                  | Stlth+}
  3699 | D:4      | Found Gous Noh's General Store.
  3703 | D:4      | Bought a potion of curing for 33 gold pieces
  3703 | D:4      | Bought a potion of lignification for 33 gold pieces
  3797 | D:5      | Entered Level 5 of the Dungeon
  3797 | D:5      | Noticed Eustachio
  3819 | D:5      | Killed Eustachio
  3820 | D:5      | Reached skill level 10 in Axes
  3820 | D:5      | Reached XP level 7. HP: 49/56 MP: 7/7
  3884 | D:5      | Reached skill level 11 in Axes
  4135 | D:5      | Found Tyjyosex's Assorted Antiques.
  4138 | D:5      | Bought 3 scrolls labelled NIGOHE JEXEALO for 69 gold pieces
  4170 | D:5      | Noticed Blork the orc
  4173 | D:5      | Reached skill level 12 in Axes
  4173 | D:5      | Reached XP level 8. HP: 48/62 MP: 8/8
  4503 | D:4      | Killed Blork the orc
  4838 | D:5      | Found a runed translucent door.
  4839 | D:5      | Noticed Crazy Yiuf
  4970 | D:5      | Noticed a yak
  4971 | D:5      | Noticed a yak
  4971 | D:5      | Noticed a yak
  4971 | D:5      | Noticed a yak
  4977 | D:5      | Killed a yak
  4978 | D:5      | Reached skill level 13 in Axes
  4985 | D:5      | Noticed a yak
  4986 | D:5      | Killed a yak
  5000 | D:5      | Killed a yak
  5001 | D:5      | Reached skill level 14 in Axes
  5006 | D:5      | Killed a yak
  5015 | D:5      | HP: 4/93 [yak (7)]
  5017 | D:5      | Killed a yak
  5018 | D:5      | Reached XP level 9. HP: 5/68 MP: 9/9
  5442 | D:5      | Found a staircase to the Ecumenical Temple.
  5522 | D:5      | Reached skill level 15 in Axes
  5812 | D:5      | Killed Crazy Yiuf
  5945 | D:6      | Found a bloodstained altar of Trog.
  6007 | D:6      | Found a shimmering blue altar of Sif Muna.
  6023 | D:6      | Got Sif Muna's Vellum of Superposition
  6043 | D:6      | Found a radiant altar of Vehumet.
  6053 | D:6      | Found a burning altar of Makhleb.
  6063 | D:6      | Became a worshipper of Makhleb the Destroyer
  6076 | D:6      | You are sucked into a shaft and drop 3 floors!
  6100 | D:9      | Found a shimmering altar of Xom.
  6100 | D:9      | Found a sacrificial altar of Ru.
  6212 | D:9      | Noticed a hornet
  6222 | D:8      | Reached skill level 16 in Axes
  6543 | D:7      | Reached skill level 1 in Armour
  6666 | D:7      | Found a flagged portal.
  6676 | D:7      | Learned a level 2 spell: Blink
  6756 | Bailey   | Entered a bailey
  6965 | Bailey   | Reached * piety under Makhleb
  7425 | Bailey   | Reached XP level 10. HP: 65/78 MP: 10/10
  7428 | Bailey   | Reached skill level 17 in Axes
  7611 | D:7      | Found a glowing golden altar of the Shining One.
  7611 | D:7      | Found a glowing silver altar of Zin.
  7614 | D:7      | Found a white marble altar of Elyvilon.
  7707 | D:7      | Noticed Joseph
  7730 | D:7      | Killed Joseph
  8061 | D:7      | Found a broken altar of Ashenzari.
  8061 | D:7      | Found a blossoming altar of Fedhas.
  8069 | D:7      | Found a basalt altar of Yredelemnul.
  8071 | D:7      | Found an ornate altar of the Wu Jian Council.
  8073 | D:7      | Found a hazy altar of Hepliaklqana.
  8460 | D:7      | Identified the +1 cloak of the Equator {+Blink rCorr}
  8567 | D:6      | Noticed Menkaure
  8574 | D:6      | Killed Menkaure
  8800 | D:6      | Reached skill level 5 in Fighting
  8941 | D:6      | Found a runed translucent door.
  9216 | D:6      | Reached ** piety under Makhleb
  9440 | D:6      | Found a roughly hewn altar of Beogh.
 10139 | D:8      | Found a stormy altar of Qazlal.
 10309 | D:8      | Found a transporter.
 10328 | D:8      | Noticed a two-headed ogre
 10337 | D:8      | Killed a two-headed ogre
 10637 | D:8      | Found a transporter.
 10639 | D:8      | Noticed Ascent's ghost (novice MfCK)
 10640 | D:8      | Noticed a two-headed ogre
 10805 | D:8      | Reached XP level 11. HP: 92/93 MP: 11/11
 11763 | D:9      | Identified the +6 war axe of Opnakhis {freeze, rF- Str+2
                  | Int+8}
 12388 | D:8      | Reached skill level 10 in Fighting
 12791 | D:9      | Reached skill level 18 in Axes
 13361 | D:9      | Found a staircase to the Lair.
 13559 | D:10     | Entered Level 10 of the Dungeon
 13569 | D:10     | Noticed Fannar
 13574 | D:10     | Reached skill level 5 in Dodging
 13580 | D:10     | Reached *** piety under Makhleb
 13595 | D:10     | Killed Fannar
 13967 | D:10     | Noticed a centaur warrior
 13967 | D:10     | Noticed a centaur warrior
 13967 | D:10     | Noticed Psyche
 13988 | D:10     | Killed a centaur warrior
 13989 | D:10     | Reached skill level 5 in Armour
 13998 | D:10     | Killed a centaur warrior
 14001 | D:10     | Noticed a centaur warrior
 14013 | D:10     | Killed a centaur warrior
 14014 | D:10     | Noticed an eight-headed hydra
 14014 | D:10     | Noticed a deep elf pyromancer
 14355 | D:5      | Bought an ichor-stained ring mail for 207 gold pieces
 14355 | D:5      | Identified the +4 ring mail "Ummohoast" {Contam Rampage
                  | Regen+ Int+4} (You bought it in a shop on level 5 of the
                  | Dungeon)
 14373 | D:4      | Bought a +4 vampiric battleaxe for 456 gold pieces
 14373 | D:4      | Bought a potion of berserk rage for 55 gold pieces
 14377 | D:4      | Reached skill level 10 in Armour
 14377 | D:4      | Reached XP level 12. HP: 112/112 MP: 12/12
 14592 | D:10     | Killed a nine-headed hydra
 14593 | D:10     | Reached XP level 13. HP: 85/117 MP: 13/13
 14601 | D:10     | Noticed Sonja
 14793 | D:10     | Killed Sonja
 14795 | D:10     | Killed Psyche
 14796 | D:10     | Reached skill level 19 in Axes
 14954 | D:10     | Noticed FexLirch's ghost (journeyman MeTm)
 14973 | D:10     | Found a runed translucent gate.
 14973 | D:10     | Found a runed translucent gate.
 14974 | D:10     | Found a runed translucent gate.
 15004 | D:10     | Identified the +5 ring mail of Lugonu {rPois Will- rCorr
                  | Int+4}
 15369 | D:11     | Identified the +4 rapier "Cysassasm" {vorpal, rC+}
 15427 | D:11     | Found a frozen archway.
 15456 | IceCv    | Entered an ice cave
 15481 | IceCv    | Reached skill level 20 in Axes
 15594 | IceCv    | Reached **** piety under Makhleb
 15609 | IceCv    | Reached skill level 1 in Evocations
 15999 | IceCv    | Reached skill level 5 in Evocations
 15999 | IceCv    | Reached skill level 1 in Shields
 16730 | D:11     | Found Seghus Uga's General Store.
 16737 | D:11     | Bought a potion of heal wounds for 65 gold pieces
 17137 | D:12     | Noticed Nergalle
 17147 | D:12     | Killed Nergalle
 17147 | D:12     | Reached ***** piety under Makhleb
 17282 | D:12     | Found a staircase to the Orcish Mines.
 17291 | D:12     | Reached XP level 14. HP: 127/127 MP: 14/14
 17474 | D:12     | Found a portal to a secret trove of treasure.
 18072 | D:12     | Noticed Frances
 18090 | D:12     | Killed Frances
 18220 | Lair:1   | Entered Level 1 of the Lair of Beasts
 18239 | Lair:1   | Reached skill level 21 in Axes
 18273 | Lair:1   | Found a gate leading to a gauntlet.
 18290 | Gauntlet | Entered a Gauntlet
 18290 | Gauntlet | Found a transporter.
 18299 | Gauntlet | Found a transporter.
 18316 | Gauntlet | Found a transporter.
 18320 | Gauntlet | Found a transporter.
 18341 | Gauntlet | Found a transporter.
 18354 | Gauntlet | Found a transporter.
 18368 | Gauntlet | Found a transporter.
 18370 | Gauntlet | Noticed a balrug
 18393 | Gauntlet | Found a transporter.
 18397 | Gauntlet | Found a transporter.
 18402 | Gauntlet | Found a transporter.
 18435 | Gauntlet | Found a transporter.
 18435 | Gauntlet | Found a transporter.
 18530 | Gauntlet | Identified the ring of the Fortifying Saviour {rC+ Slay+6}
 18572 | Gauntlet | Identified the amulet of Penumest {Faith rC++ Int+4}
 18715 | Gauntlet | Slain by a minotaur

Illustrated notes

Levels and vault maps discovered:
D:1:      dpeg_arrival_houses_and_road, layout_rooms,
          hellmonk_ecumenical_altar_defaced_shrine, minmay_misc_feat_iff
D:2:      layout_basic, minmay_nonomino_d4, uniq_natasha
D:3:      layout_basic
D:4:      layout_basic, serial_shops, shop_statue, shop_statue,
          nicolae_shop_crystal, minmay_snake_closets
D:5:      layout_loops_ring, minmay_temple_entry_statues_pillars, serial_shops,
          kennysheep_mini, uniq_eustachio, uniq_crazy_yiuf_cottage,
          uniq_blork_the_orc
D:6:      layout_rooms, nzn_overflow_gifts_of_might_and_magic,
          nicolae_vehumet_radiance, mainiacjoe_overflow_chevrons,
          minmay_strange_pillars, lightli_church_of_beogh, uniq_menkaure
D:7:      layout_loops_corners, good_gods_temple_1,
          chequers_temple_overflow_minitemple, enter_bailey_2, uniq_joseph
D:8:      layout_loops_ring, kennysheep_little_box, gammafunk_ghost_smash,
          dreamdust_wishing_well
D:9:      layout_basic, chequers_temple_overflow_statue_of_worship,
          minmay_lair_entry_grove, kennysheep_generic_room_16
D:10:     layout_rooms, gammafunk_ghost_split, amethyst_killhole,
          minmay_misc_feat_five, eino_tiny_chamber,
          chequers_serial_rivers_room_b, chequers_avenue,
          minmay_fractal_squares_gapless_7, uniq_psyche, uniq_fannar, uniq_sonja
D:11:     layout_loops_corners, serial_shops, shop,
          portal_ice_cave_entry_ice_simulacra
D:12:     layout_irregular_city, david_orc_1_choice, enter_trove_5,
          uniq_frances, uniq_nergalle
Lair:1:   lemuel_reptile_caves, layout_gridlike, gauntlet_entry_generic,
          guppyfry_lair_drakes, infiniplex_staircase_pool
Gauntlet: minmay_gauntlet_mixed_oops_all_seconds
          [minmay_gauntlet_arena_77_radiant_squares,
          gammafunk_gauntlet_arena_arrow_garden, minmay_gauntlet_arena_77_fan,
          nicolae_gauntlet_arena_grate_2,
          minmay_gauntlet_arena_77_tiled_triplets,
          nicolae_gauntlet_arena_quarters, dreamdust_gauntlet_exit_labyrinth]

Skill      XL: |  1  2  3  4  5  6  7  8  9 10 11 12 13 14 |
---------------+-------------------------------------------+-----
Axes           | 5 6 7 8 10 12 14 16 17 18 20 21 | 21.1
Armour         | 2 4 10 11 | 11.6
Fighting       | 3 8 11 12 13 | 13.7
Dodging        | 3 4 5 |  5.7
Evocations     | 5 |  5.0
Shields        | 2 |  2.9
Throwing       | |  1.7

Action                   |  1- 3 |  4- 6 |  7- 9 | 10-12 | 13-15 || total
-------------------------+-------+-------+-------+-------+-------++-------
Melee: War axe           |   105 |   248 |   329 |   478 |       ||  1160
       Punch             |       |     3 |     1 |     6 |       ||    10
       Trident           |       |       |       |     6 |     8 ||    14
       Battleaxe         |       |       |       |     1 |   399 ||   400
  Use: Scroll            |       |     6 |    10 |     7 |     5 ||    28
       Potion            |       |       |     6 |     3 |       ||     9
Armor: Leather armour    |    14 |       |    83 |   133 |       ||   230
       Ring mail         |    21 |   104 |       |       |       ||   125
       Skin              |       |       |    48 |       |       ||    48
       Plate armour      |       |       |       |    33 |   233 ||   266
Dodge: Dodged            |    66 |   114 |   120 |   233 |   132 ||   665
Block: Other             |    31 |    51 |    65 |    84 |    94 ||   325
       Reflection        |       |       |     1 |     4 |     5 ||    10
